 Dungeon Crawl Stone Soup version 0.22.1-2-g9c5b331 (webtiles) character file.

9107 Exodus3 the Blocker (level 11, -1/94 HPs)
             Began as a Minotaur Fighter on Dec 12, 2018.
             Was an Initiate of Gozag.
             Slain by a komodo dragon (22 damage)
             ... on level 1 of the Lair of Beasts on Dec 18, 2018.
             The game lasted 01:10:17 (12138 turns).

Exodus3 the Blocker (Minotaur Fighter)             Turns: 12138, Time: 01:10:22

Health: -1/94      AC: 21    Str: 22    XL:     11   Next: 18%
Magic:  10/10      EV: 10    Int:  6    God:    Gozag
Gold:   1629       SH:  5    Dex: 11    Spells: 10/10 levels left

rFire    + . .     SeeInvis .   F - +5 mace (crush)
rCold    + + .     Gourm    .   (no shield)
rNeg     . . .     Faith    .   C - +6 chain mail {MR+}
rPois    .         Spirit   .   (helmet restricted)
rElec    .         Reflect  +   x - scarf {rC+ rF+}
rCorr    .         Harm     .   K - +2 pair of gloves
MR       +....                  (no boots)
Stlth    ..........             G - +5 amulet of reflection
HPRegen  0.25/turn              v - ring of protection from cold
MPRegen  0.12/turn              (no ring)

@: no status effects
A: retaliatory headbutt, horns 2
a: Potion Petition, Call Merchant, Bribe Branch, Renounce Religion


You were on level 1 of the Lair of Beasts.
You worshipped Gozag.
Gozag was most pleased with you.
You were not hungry.

You visited 3 branches of the dungeon, and saw 11 of its levels.

You collected 1673 gold pieces.
You paid 44 gold pieces to Gozag.

Inventory:

Hand Weapons
 h - a +5 quarterstaff of chaos
 n - a +0 shortbow of velocity
 y - a +0 blowgun
 F - a +5 mace of crushing (weapon)
Missiles
 j - 62 bolts (quivered)
 k - 161 arrows
 B - 21 poisoned needles
Armour
 c - a +2 shield
 x - a scarf of resistance (worn)
 C - a +6 chain mail of magic resistance (worn)
 K - a +2 pair of gloves (worn)
Magical Staves
 a - an uncursed staff of wizardry {unknown}
Jewellery
 v - a ring of protection from cold (left hand)
 G - a +5 amulet of reflection (around neck)
Wands
 t - a wand of acid (11)
 w - a wand of paralysis (9)
Scrolls
 b - 2 scrolls of fog
 e - 5 scrolls of remove curse
 i - 10 scrolls of identify
 l - 2 scrolls of teleportation
 o - a scroll of immolation
 E - a scroll of random uselessness {unknown}
 H - 2 scrolls of noise
 I - a scroll of magic mapping
Potions
 d - 4 potions of might
 g - 2 potions of mutation {unknown}
 m - a potion of heal wounds
 p - 2 potions of flight {unknown}
 q - a potion of curing {unknown}
 r - a potion of agility
 s - a potion of berserk rage {unknown}
 u - a potion of lignification
 z - a potion of haste {unknown}
 A - a potion of brilliance {unknown}
 J - a potion of cancellation
Comestibles
 f - 7 rations


   Skills:
 + Level 8.2 Fighting
   Level 8.1(10.1) Axes
 + Level 9.7(11.0) Maces & Flails
 + Level 3.0(6.8) Staves
 + Level 10.3 Armour
 + Level 4.0 Dodging
 + Level 1.7 Stealth
 + Level 10.4 Shields


You had 10 spell levels left.
You didn't know any spells.
Your spell library contained the following spells:

 Spells                   Type           Power        Failure   Level  Hunger
 Animate Skeleton         Necr           N/A          96%         1    ##.....
 Apportation              Tloc           #.....       96%         1    ##.....
 Confusing Touch          Hex            #.....       96%         1    ##.....
 Summon Small Mammal      Summ           #...         96%         1    ##.....
 Poisonous Vapours        Pois/Air       #.....       99%         2    ###....
 Conjure Flame            Conj/Fire      #.......     100%        3    ####...
 Mephitic Cloud           Conj/Pois/Air  #.......     100%        3    ####...
 Freezing Cloud           Conj/Ice/Air   #.........   100%        6    #######
 Ring of Flames           Chrm/Fire      #.........   100%        7    #######


Dungeon Overview and Level Annotations

Branches:
Dungeon (10/15)            Temple (1/1) D:4            Lair (1/6) D:10
    Orc: D:9-12

Altars:
Ashenzari
Cheibriados
Dithmenos
Elyvilon
Fedhas
Gozag
Hepliaklqana
Kikubaaqudgha
Makhleb
Nemelex Xobeh
Okawaru
Qazlal
Ru
Sif Muna
Trog
Uskayaw
Vehumet
Wu Jian
Xom
Yredelemnul
Zin
The Shining One

Shops:
D:5 :


Innate Abilities, Weirdness & Mutations

You reflexively headbutt those who attack you in melee.
You have a pair of horns on your head.


Message History

You hit the komodo dragon.
The komodo dragon is moderately wounded.
The komodo dragon bites you!
You barely miss the komodo dragon.
The komodo dragon is moderately wounded.
The komodo dragon bites you!
The komodo dragon bites you but does no damage.
The komodo dragon hisses menacingly.
You hit the komodo dragon.
The komodo dragon is moderately wounded.
The komodo dragon bites you!
The komodo dragon bites you but does no damage.
You thump the komodo dragon!
You headbutt the komodo dragon, but do no damage.
The komodo dragon is moderately wounded.
The komodo dragon bites you!
* * * LOW HITPOINT WARNING * * *
The komodo dragon bites you!!
You die...
Your body crumbles into a pile of gold.

......###### ##.......
........## #........
.....#...######## #..l.....
......#..##....)## #........
......#.#........# ##.l......
......####.......###.........
.....####..[....###..........
.....# #........l##../.......
.....##.........@ll..........
...####.........lll..........
..## #............##........
...# #............###........
.### #.............##........
## #............#..#.../....
#............#...........
.........##.#.......
....(....# .........


You could see 6 komodo dragons.

Vanquished Creatures
  A two-headed ogre (D:8)
  A tengu warrior (D:10)
  Nergalle (Lair:1)
  3 centaur zombies (D:8)
  2 hellwings (D:8)
  2 trolls (D:10)
  A hornet (D:7)
  A meliai zombie (D:8)
  A hippogriff (D:7)
  A hungry ghost (D:7)
  Grum (Lair:1)
  3 wargs (D:10)
  A black bear (D:8)
  A phantom (D:8)
  2 sky beasts
  3 ice beasts
  3 orc warriors
  2 wolves (Lair:1)
  7 ogres
  5 centaurs
  3 bullfrogs
  A scorpion (D:4)
  A crimson imp (D:5)
  5 hounds
  3 quasits
  3 centaur skeletons
  3 bullfrog skeletons
  8 orc priests
  7 orc wizards
  Crazy Yiuf (D:7)
  An iguana (D:6)
  7 worker ants
  A hound skeleton (D:5)
  A howler monkey zombie (D:5)
  2 worker ant zombies
  11 adders
  3 gnolls (D:4)
  5 shadow imps
  3 oozes
  An adder skeleton (D:4)
  9 worms
  A dart slug (D:1)
  5 leopard geckos
  41 orcs
  7 giant cockroaches
  11 goblins
  12 hobgoblins
  4 jackals (D:4)
  2 quokkas
  A ball python (D:4)
  10 bats
  5 frilled lizards
  2 jackal skeletons (D:6)
  15 kobolds
  A leopard gecko skeleton (D:7)
  6 rats
  2 fungi (D:7)
  A plant (D:2)
247 creatures vanquished.

Notes
Turn   | Place    | Note
-------+----------+-------------------------------------------
     0 | D:1      | Exodus3 the Minotaur Fighter began the quest for the Orb.
     0 | D:1      | Reached XP level 1. HP: 19/19 MP: 0/0
   400 | D:1      | Reached XP level 2. HP: 22/27 MP: 1/1
  1305 | D:2      | Reached XP level 3. HP: 33/33 MP: 2/2
  1320 | D:2      | Reached skill level 1 in Dodging
  1406 | D:2      | Reached XP level 4. HP: 35/40 MP: 3/3
  2276 | D:3      | Reached skill level 1 in Stealth
  2276 | D:3      | Reached XP level 5. HP: 38/46 MP: 4/4
  2412 | D:3      | Reached skill level 5 in Armour
  2654 | D:3      | Found a glowing golden altar of the Shining One.
  2762 | D:3      | Reached XP level 6. HP: 46/52 MP: 5/5
  3425 | D:4      | Reached skill level 5 in Axes
  3460 | D:4      | Found a staircase to the Ecumenical Temple.
  3566 | Temple   | Entered the Ecumenical Temple
  3891 | Temple   | Became a worshipper of Gozag Ym Sagoz the Greedy
  4030 | D:4      | Noticed an ice beast
  4039 | D:4      | Killed an ice beast
  4039 | D:4      | Reached skill level 5 in Shields
  4059 | D:4      | Reached XP level 7. HP: 28/60 MP: 6/6
  5509 | D:4      | You fall through a shaft for 2 floors!
  5657 | D:6      | Reached skill level 5 in Fighting
  5682 | D:6      | Reached XP level 8. HP: 11/68 MP: 7/7
  6611 | D:6      | Found a glowing silver altar of Zin.
  6972 | D:7      | Noticed a hippogriff
  6990 | D:7      | Killed a hippogriff
  7093 | D:5      | Entered Level 5 of the Dungeon
  7235 | D:5      | Reached skill level 1 in Maces & Flails
  7710 | D:5      | Found Runoox's Book Boutique.
  8072 | D:5      | Reached XP level 9. HP: 43/75 MP: 8/8
  8541 | D:7      | Found a runed door.
  8545 | D:7      | Noticed Crazy Yiuf
  8549 | D:7      | Killed Crazy Yiuf
  8736 | D:7      | Paralysed by a hornet for 2 turns
  9207 | D:7      | Reached skill level 1 in Staves
  9794 | D:8      | Reached skill level 5 in Maces & Flails
  9885 | D:8      | Noticed a hellwing
  9896 | D:8      | Noticed a hellwing
  9918 | D:8      | Killed a hellwing
  9918 | D:8      | Reached XP level 10. HP: 22/86 MP: 9/9
 10349 | D:8      | Noticed a two-headed ogre
 10366 | D:8      | Killed a two-headed ogre
 10442 | D:8      | Found an iron altar of Okawaru.
 10633 | D:8      | Reached skill level 10 in Armour
 10941 | D:8      | Found a blossoming altar of Fedhas.
 10943 | D:8      | Found a hide-covered altar of Uskayaw.
 11272 | D:8      | You fall through a shaft for 2 floors!
 11272 | D:10     | Entered Level 10 of the Dungeon
 11298 | D:10     | Noticed a tengu warrior
 11313 | D:10     | Killed a tengu warrior
 11435 | D:10     | Reached XP level 11. HP: 94/94 MP: 10/10
 11645 | D:10     | Reached skill level 10 in Shields
 11658 | D:10     | Found a staircase to the Lair.
 11692 | Lair:1   | Entered Level 1 of the Lair of Beasts
 11708 | Lair:1   | Noticed Nergalle
 11746 | Lair:1   | Killed Nergalle
 12007 | Lair:1   | Noticed Grum
 12037 | Lair:1   | Killed Grum
 12138 | Lair:1   | Slain by a komodo dragon

Skill      XL: |  1  2  3  4  5  6  7  8  9 10 11 |
---------------+----------------------------------+-----
Armour         | 4 5 6 7 9 10 | 10.3
Fighting       | 4 5 7 8 |  8.2
Axes           | 3 4 5 7 8 |  8.1
Dodging        | 1 2 3 4 |  4.0
Shields        | 4 5 7 8 9 10 | 10.4
Stealth        | 1 |  1.7
Maces & Flails | 2 6 9 |  9.7
Staves         | 3 |  3.0

Action                   |  1- 3 |  4- 6 |  7- 9 | 10-12 || total
-------------------------+-------+-------+-------+-------++-------
Melee: War axe           |    76 |   187 |   174 |       ||   437
       Headbutt          |     8 |    48 |    82 |    57 ||   195
       Mace              |       |       |   230 |   259 ||   489
       Quarterstaff      |       |       |    19 |       ||    19
  Use: Scroll            |       |     2 |    15 |     4 ||    21
       Potion            |       |       |     5 |     3 ||     8
  Eat: Ration            |       |     3 |     6 |     3 ||    12
       Chunk             |       |     1 |       |       ||     1
Armor: Scale mail        |    57 |    70 |       |       ||   127
       Chain mail        |       |    33 |   251 |   114 ||   398
       Robe              |       |       |     1 |       ||     1
Dodge: Dodged            |    40 |    64 |   168 |    65 ||   337
Block: Shield            |    67 |    95 |   227 |   257 ||   646
       Other             |       |       |    24 |     1 ||    25
       Reflection        |       |       |       |     1 ||     1
